 Dungeon Crawl Stone Soup version 0.28.0-1-gb440e238dd (webtiles) character file.

Game seed: 16907510623551738597

163 pkoi the Ruffian (level 5, -5/45 HPs)
             Began as a Draconian Monk on Feb 22, 2022.
             Slain by Grinder (7 damage)
             ... on level 3 of the Dungeon.
             The game lasted 00:03:04 (3207 turns).

pkoi the Ruffian (Draconian Monk)                   Turns: 3207, Time: 00:03:05

Health: -5/45      AC:  8    Str: 14    XL:     5   Next: 20%
Magic:  5/5        EV: 12    Int: 12    God:
Gold:   35         SH:  0    Dex: 13    Spells: 4/4 levels left

rFire   . . .      SeeInvis .     - Unarmed
rCold   . . .      Faith    .   (no shield)
rNeg    . . .      Spirit   .   (armour unavailable)
rPois   .          Reflect  .   (helmet restricted)
rElec   .          Harm     .   (no cloak)
rCorr   .          Rampage  .   (no gloves)
Will    .....                   d - +2 pair of boots
Stlth   ++........              (no amulet)
HPRegen 0.15/turn               i - ring of wizardry
MPRegen 0.09/turn               (no ring)

@: mighty, brilliant, flying
A: AC +5, unfitting armour, cold-blooded
a: no special abilities


You were on level 3 of the Dungeon.
You visited 1 branch of the dungeon, and saw 3 of its levels.

You collected 35 gold pieces.

Inventory:

Missiles
 g - a throwing net (quivered)
Armour
 d - a +2 pair of boots (worn)
Jewellery
 i - a ring of wizardry (left hand)
Wands
 l - a wand of flame (16)
Scrolls
 a - a scroll of acquirement {unknown}
 b - a scroll of holy word {unknown}
 c - a scroll of torment {unknown}
 e - 2 scrolls of noise {unknown}
 f - a scroll of vulnerability {unknown}
 j - a scroll of teleportation {unknown}


   Skills:
 - Level 3.2 Fighting
 - Level 2.6 Dodging
 - Level 1.7 Stealth
 + Level 6.0 Unarmed Combat


You had 4 spell levels left.
You didn't know any spells.
Your spell library contained the following spells:

 Spells                   Type           Power      Damage    Failure   Level
 Stone Arrow              Conj/Erth      0%         3d7       36%         3
 Lehudib's Crystal Spear  Conj/Erth      0%         10d2      100%        8
 Animate Armour           Summ/Erth      Unusable   N/A       N/A         4

Dungeon Overview and Level Annotations

Branches:
Dungeon (3/15)

Altars:

Shops:
D:2 *

Annotations:
D:3 Grinder


Innate Abilities, Weirdness & Mutations

Your plain brown scales are hard. (AC +5)
You cannot fit into any form of body armour.
You are cold-blooded and may be slowed by cold attacks.


Message History

Grinder hits you.
* * * LOW HITPOINT WARNING * * *
You writhe in agony.
* * * LOW HITPOINT WARNING * * *
You closely miss Grinder.
Grinder is heavily wounded.
Grinder hits you.
* * * LOW HITPOINT WARNING * * *
You writhe in agony.
* * * LOW HITPOINT WARNING * * *
You punch Grinder! You tail-slap Grinder. Your punch misses Grinder.
Grinder is severely wounded.
Grinder gestures at you. Pain shoots through your body!
* * * LOW HITPOINT WARNING * * *
You closely miss Grinder. You tail-slap Grinder.
Grinder is almost dead.
Grinder misses you.
You hit Grinder but do no damage.
Your tail-slap misses Grinder.
Grinder is almost dead.
Grinder hits you.
* * * LOW HITPOINT WARNING * * *
Unknown command.
It was a potion of brilliance.
You feel clever all of a sudden. Grinder hits you.
* * * LOW HITPOINT WARNING * * *
You writhe in agony.
* * * LOW HITPOINT WARNING * * *
It was a potion of flight.
You feel very buoyant.
You fly up into the air.
Grinder blinks!
It was a potion of might.
You feel very mighty all of a sudden.
Grinder blinks!
There is a stone staircase leading up here.
You closely miss Grinder.
Grinder is almost dead.
Grinder hits you!
You die...

..# #.# #.#
#.# #.# #.#
#5# #@# #.#
#.#####.#
........#
#.........#
#########.#
.# #


You could see Grinder.

Vanquished Creatures
  Natasha (thrice) (D:1)
  Robin (D:2)
  An adder (D:2)
  A worm (D:2)
  3 dart slugs
  3 endoplasms
  4 giant cockroaches
  15 goblins
  5 hobgoblins
  4 jackals (D:1)
  3 kobolds (D:2)
  3 quokkas
  4 ball pythons (D:1)
  A frilled lizard (D:2)
  5 rats
56 creatures vanquished.

Notes
Turn   | Place    | Note
-------+----------+-------------------------------------------
     0 | D:1      | pkoi the Draconian Monk began the quest for the Orb.
     0 | D:1      | Reached XP level 1. HP: 19/19 MP: 1/1
    21 | D:1      | Found a faded altar of an unknown god.
   171 | D:1      | Reached XP level 2. HP: 16/26 MP: 2/2
   502 | D:1      | Reached skill level 4 in Unarmed Combat
   755 | D:1      | Reached XP level 3. HP: 31/31 MP: 3/3
  1067 | D:2      | Found Ishezibb's Assorted Antiques.
  1137 | D:2      | Noticed Robin
  1137 | D:2      | Noticed Natasha
  1231 | D:1      | Killed Natasha
  1232 | D:1      | Reached skill level 5 in Unarmed Combat
  1232 | D:1      | Reached XP level 4. HP: 23/38 MP: 4/4
  1605 | D:2      | Killed Robin
  2678 | D:1      | Noticed Natasha
  2692 | D:1      | Killed Natasha
  2693 | D:1      | Reached XP level 5. HP: 19/45 MP: 5/5
  3057 | D:1      | Noticed Natasha
  3075 | D:1      | Killed Natasha
  3076 | D:1      | Reached skill level 6 in Unarmed Combat
  3181 | D:3      | Noticed Grinder
  3202 | D:3      | HP: 1/45 [Grinder (5)]
  3207 | D:3      | Slain by Grinder

Illustrated notes

Levels and vault maps discovered:
D:1:      co_arrival_square_in_a_square_in_a_square, layout_rooms,
          hellmonk_ecumenical_altar_arch_garden, st_stairs_10,
          serial_park_tiny_2
D:2:      layout_basic, serial_shops, shop, uniq_robin, uniq_natasha
D:3:      layout_loops_ring, nicolae_ru_the_path_less_chosen, serial_shops,
          nicolae_square_shop, uniq_grinder, uniq_jessica, uniq_terence

Skill      XL: |  1  2  3  4  5 |
---------------+----------------+-----
Unarmed Combat | 4 5 6 |  6.0
Fighting       | |  3.2
Dodging        | |  2.6
Stealth        | |  1.7

Action                   |  1- 3 |  4- 6 || total
-------------------------+-------+-------++-------
Melee: Unarmed           |   117 |    88 ||   205
       Tailslap          |    15 |    11 ||    26
       Punch             |     2 |     3 ||     5
  Use: Potion            |       |     3 ||     3
 Stab: Sleeping          |     3 |       ||     3
Armor: Skin              |    37 |    23 ||    60
Dodge: Dodged            |    84 |    46 ||   130
